 Dungeon Crawl Stone Soup version 0.27-a0-1187-ge80a49f48c (webtiles) character file.

Game seed: 10804269446242394477

5460 Abuh the Severer (level 10, 0/90 HPs)
             Began as a Minotaur Berserker on May 20, 2021.
             Was an Elder of Trog.
             Slain by a two-headed ogre
             ... wielding a +0 giant spiked club
              (23 damage)
             ... on level 10 of the Dungeon.
             The game lasted 00:34:05 (7780 turns).

Abuh the Severer (Minotaur Berserker)               Turns: 7780, Time: 00:34:05

Health: 0/90       AC: 14    Str: 30    XL:     10   Next: 41%
Magic:  18/18      EV: 11    Int:  4    God:    Trog [****..]
Gold:   153        SH:  0    Dex: 10    Spells: 9/9 levels left

rFire    + + .     SeeInvis .   A - +0 war axe
rCold    . . .     Faith    .   (no shield)
rNeg     . . .     Spirit   .   B - +2 scale mail {rF+}
rPois    .         Reflect  .   (helmet restricted)
rElec    .         Harm     .   (no cloak)
rCorr    .         Rampage  .   d - +0 pair of gloves
Will     .....                  (no boots)
Stlth    ..........             (no amulet)
HPRegen  0.25/turn              F - ring of Niylos {rF+ MP+9 Str+5 Stlth-}
MPRegen  0.16/turn              n - +4 ring of protection

@: no status effects
A: horns 2, retaliatory headbutt
a: Renounce Religion, Berserk, Trog's Hand, Brothers in Arms


You were on level 10 of the Dungeon.
You worshipped Trog.
Trog was greatly pleased with you.
You visited 1 branch of the dungeon, and saw 10 of its levels.

You collected 384 gold pieces.
You spent 231 gold pieces at shops.

Inventory:

Hand Weapons
 a - a +0 hand axe
 r - a +4 scythe of freezing
 A - a +0 war axe (weapon)
Missiles
 e - 237 stones
 H - 3 throwing nets
 I - a curare-tipped dart
Armour
 b - a +0 animal skin
 d - a +0 pair of gloves (worn)
 g - a +0 ring mail
 i - a +0 cloak
 B - a +2 scale mail of fire resistance (worn)
Jewellery
 m - a +4 ring of evasion
 n - a +4 ring of protection (right hand)
 F - the ring of Niylos (left hand) {rF+ MP+9 Str+5 Stlth-}
   (You took it off an orc wizard on level 7 of the Dungeon)

   [ring of magical power]

   It affects your strength (+5).
   It protects you from fire.
   It affects your magic capacity (+9).
   It makes you less stealthy.
 L - a ring of resist corrosion
Wands
 s - a wand of flame (11)
 E - a wand of iceblast (11)
Scrolls
 h - 2 scrolls of enchant armour {unknown}
 j - 2 scrolls of amnesia {unknown}
 l - a scroll of vulnerability {unknown}
 o - 2 scrolls of torment {unknown}
 q - a scroll of fog {unknown}
 t - a scroll of blinking {unknown}
 u - 3 scrolls of teleportation {unknown}
 x - 3 scrolls of identify {unknown}
 y - a scroll of fear {unknown}
 J - a scroll of noise {unknown}
 K - a scroll of brand weapon {unknown}
 M - a scroll of magic mapping {unknown}
Potions
 c - 7 potions of curing {unknown}
 f - 2 potions of mutation {unknown}
 k - a potion of might {unknown}
 p - a potion of berserk rage {unknown}
 v - 2 potions of cancellation {unknown}
 w - a potion of resistance {unknown}
 z - 3 potions of magic {unknown}
 C - a potion of ambrosia {unknown}
 D - a potion of haste
 G - a potion of heal wounds
Miscellaneous
 N - a piece from Xom's chessboard (15/15)


   Skills:
 + Level 8.5 Fighting
 - Level 16.0 Axes
 + Level 3.2 Armour
 + Level 2.9 Dodging


You had 9 spell levels left.
You didn't know any spells.
Your spell library was empty.

Dungeon Overview and Level Annotations

Branches:
Dungeon (10/15)            Temple (0/1) D:4
   Lair: D:8-11         Orc: D:9-12

Altars:
Cheibriados
Dithmenos
Hepliaklqana
Makhleb
Nemelex Xobeh
Okawaru
Ru
Yredelemnul
The Shining One

Shops:
D:4 [   D:5 (


Innate Abilities, Weirdness & Mutations

You have a pair of horns on your head.
You reflexively headbutt those who attack you in melee.


Message History

You hit the yak.
The yak is lightly wounded.
You barely miss the yak. The yak gores you!
You barely miss the yak. You headbutt the yak.
The yak is moderately wounded.
You slash the yak! The yak gores you but does no damage.
The yak barely misses you.
You slash the yak!
The yak is heavily wounded.
You slash the yak! The yak barely misses you.
You slash the yak! You headbutt the yak.
You kill the yak!
Trog accepts your kill.
You slash the yak!
Your Armour skill increases to level 3!
You barely miss the yak.
The yak is almost dead.
You barely miss the yak. You headbutt the yak.
You kill the yak!
Trog accepts your kill.
You hit the yak but do no damage. The yak closely misses you.
The yak gores you but does no damage.
You see here a yak corpse.
You slash the yak! You headbutt the yak.
The yak is moderately wounded.
You hit the two-headed ogre. You barely miss the yak.
The yak is moderately wounded.
You barely miss the two-headed ogre. The yak gores you!
The two-headed ogre hits you with a +0 giant spiked club!
The two-headed ogre hits you with a +0 giant club!!
You slash the yak! You headbutt the yak!
The yak is almost dead.
You slash the two-headed ogre! The yak gores you!
* * * LOW HITPOINT WARNING * * *
You barely miss the yak.
The yak is almost dead.
You slash the two-headed ogre!
The two-headed ogre hits you with a +0 giant spiked club!!
You die...

# .## ..# #.#
#.# # #.# .#
#.## #.#
#.@###..#.#
######YO.......
#.|....<#.###.##
#...............
#.......#.....##
########..#..##
.## .... .. ...
.#. ..


You could see a two-headed ogre and a yak.

Vanquished Creatures
  Harold (D:7)
  Sigmund (D:3)
  A wraith (D:9)
  2 yaks (D:10)
  Eustachio (D:5)
  A steam dragon (D:9)
  4 water moccasins
  An orc warrior (D:8)
  An ice beast (D:5)
  3 necrophages
  2 centaurs
  A sky beast (D:7)
  A black bear (D:4)
  3 ogres
  The ghost of Devinter the Slasher, an amateur DsGl (D:4)
  3 phantoms
  3 kobold brigands
  4 bullfrogs
  4 scorpions
  A gnoll sergeant (D:9)
  A wyvern zombie (D:5)
  5 killer bees (D:9)
  A howler monkey (D:9)
  A bullfrog zombie (D:6)
  3 hounds
  3 centaur zombies
  2 orc priests
  4 jellies (D:5)
  2 centaur skeletons (D:6)
  2 bullfrog skeletons (D:5)
  Ijyb (D:3)
  2 iguanas
  6 orc wizards
  A hound zombie (D:5)
  2 hound skeletons
  Robin (D:3)
  5 gnolls (D:9)
  6 adders
  A shadow imp (D:9)
  2 white imps
  2 ufetubi (D:6)
  An adder skeleton (D:4)
  3 worms
  2 dart slugs
  14 orcs
  4 ball pythons
  2 bats (D:3)
  7 endoplasms
  3 giant cockroaches
  13 goblins
  12 hobgoblins
  4 jackals (D:4)
  A quokka (D:2)
  4 frilled lizards
  22 kobolds
  2 rats
186 creatures vanquished.

Notes
Turn   | Place    | Note
-------+----------+-------------------------------------------
     0 | D:1      | Abuh the Minotaur Berserker began the quest for the Orb.
     0 | D:1      | Reached XP level 1. HP: 19/19 MP: 0/0
   226 | D:1      | Found a faded altar of an unknown god.
   299 | D:1      | Reached XP level 2. HP: 27/27 MP: 1/1
   765 | D:2      | Reached skill level 4 in Axes
  1013 | D:2      | Reached XP level 3. HP: 31/33 MP: 2/2
  1105 | D:2      | Reached skill level 5 in Axes
  1245 | D:2      | Reached ** piety under Trog
  1459 | D:3      | Found a burning altar of Makhleb.
  1520 | D:3      | Noticed Sigmund
  1536 | D:3      | Killed Sigmund
  1537 | D:3      | Reached skill level 7 in Axes
  1537 | D:3      | Reached XP level 4. HP: 40/40 MP: 3/3
  1537 | D:3      | Reached XP level 5. HP: 46/46 MP: 4/4
  1634 | D:3      | Noticed Ijyb
  1661 | D:3      | Killed Ijyb
  2073 | D:3      | Noticed Robin
  2086 | D:3      | Killed Robin
  2087 | D:3      | Reached XP level 6. HP: 50/52 MP: 5/5
  2095 | D:3      | Reached skill level 8 in Axes
  2463 | D:4      | Found Becsubaw's Armour Boutique.
  2495 | D:4      | Reached *** piety under Trog
  2655 | D:4      | Reached skill level 9 in Axes
  2756 | D:4      | Reached XP level 7. HP: 58/58 MP: 6/6
  2816 | D:4      | Found a runed translucent door.
  2882 | D:4      | Found an iron altar of Okawaru.
  2905 | D:4      | Reached skill level 10 in Axes
  3231 | D:4      | Found a staircase to the Ecumenical Temple.
  3281 | D:4      | Noticed Devinter's ghost (amateur DsGl)
  3290 | D:4      | Killed Devinter's ghost
  3397 | D:5      | Entered Level 5 of the Dungeon
  3771 | D:4      | Bought a +2 scale mail of fire resistance for 231 gold
                  | pieces
  3841 | D:5      | Reached skill level 11 in Axes
  3957 | D:5      | Reached XP level 8. HP: 66/66 MP: 7/7
  4094 | D:5      | Found Atoyv Qydaenn's Antique Weapon Shop.
  4155 | D:5      | Reached skill level 12 in Axes
  4290 | D:5      | Found a sacrificial altar of Ru.
  4291 | D:5      | Noticed Eustachio
  4300 | D:5      | Reached **** piety under Trog
  4321 | D:5      | Killed Eustachio
  4603 | D:6      | Reached skill level 13 in Axes
  4771 | D:6      | Reached XP level 9. HP: 63/71 MP: 8/8
  4794 | D:6      | Reached skill level 14 in Axes
  4855 | D:6      | Found a hazy altar of Hepliaklqana.
  5296 | D:7      | Identified the ring of Niylos {rF+ MP+9 Str+5 Stlth-}
  5311 | D:7      | Reached skill level 15 in Axes
  5779 | D:7      | Noticed Harold
  5794 | D:7      | Killed Harold
  5795 | D:7      | Reached skill level 16 in Axes
  6362 | D:8      | Reached XP level 10. HP: 80/80 MP: 9/9
  6363 | D:8      | Reached skill level 5 in Fighting
  6642 | D:8      | Found a snail-covered altar of Cheibriados.
  6643 | D:8      | Found a basalt altar of Yredelemnul.
  6643 | D:8      | Found a sparkling altar of Nemelex Xobeh.
  6644 | D:8      | Found a glowing golden altar of the Shining One.
  7617 | D:9      | Found a shadowy altar of Dithmenos.
  7761 | D:10     | Entered Level 10 of the Dungeon
  7763 | D:10     | Noticed a two-headed ogre
  7780 | D:10     | Slain by a two-headed ogre

Illustrated notes

Levels and vault maps discovered:
D:1:      matt_arrival_refuge, layout_loops_ring,
          shapermc_ecumenical_altar_hornbeckon
D:2:      layout_loops_ring, serial_bayou_pond_c
D:3:      layout_rooms, old_standard_altar, hangedman_decor_growths,
          minmay_close_crescents, uniq_ijyb, uniq_robin, uniq_sigmund
D:4:      layout_basic, okawaru_metal_pillars_1_2, lemuel_temple_firewalk_a,
          serial_shops, shop_fountains, ebering_ghost_reflecting_pool,
          st_stairs_5
D:5:      layout_basic, nicolae_ru_awakened_eye, serial_shops,
          nicolae_shop_waterfront, hex_large, minivault_19, uniq_eustachio
D:6:      layout_gridville, lemuel_round_altar
D:7:      layout_basic, uniq_crazy_yiuf_cottage, uniq_harold
D:8:      layout_gridville, chequers_temple_overflow_statue_of_worship,
          grunt_decor_arrowhead, minmay_misc_feat_cross, dk_vineyard_2
D:9:      layout_rooms, grunt_dithmenos_shadows
D:10:     layout_rooms, david_orc_4, kennysheep_generic_room_9, uniq_maggie,
          uniq_urug, uniq_snorg

Skill      XL: |  1  2  3  4  5  6  7  8  9 10 |
---------------+-------------------------------+-----
Axes           | 4 7 9 11 13 16 | 16.0
Fighting       | 4 8 |  8.5
Armour         | 3 |  3.2
Dodging        | |  2.9

Action                   |  1- 3 |  4- 6 |  7- 9 | 10-12 || total
-------------------------+-------+-------+-------+-------++-------
Melee: Hand axe          |    63 |   104 |    79 |       ||   246
       Headbutt          |     9 |    14 |    62 |    13 ||    98
       War axe           |       |       |   170 |    82 ||   252
Invok: Berserk           |     1 |     1 |     3 |     1 ||     6
Armor: Ring mail         |    15 |    26 |    23 |       ||    64
       Scale mail        |       |       |    46 |    32 ||    78
Dodge: Dodged            |    52 |    55 |   120 |    41 ||   268

Table legend: (Time is in decaauts)
 A = Elapsed time spent in this place.
 B = Non-inter-level travel time spent in this place.
 C = Inter-level travel time spent in this place.
 D = Time resting spent in this place.
 E = Time spent auto-exploring this place.
 F = Levels seen in this place.
 G = Mean time per level.
                   A        B        C        D        E       F      G
               +--------+--------+--------+--------+--------+-----+--------+
         Total |   7788 |   7348 |    440 |   1350 |   4480 |  10 |  778.8 |
       Dungeon |   7788 |   7348 |    440 |   1350 |   4480 |  10 |  778.8 |
               +--------+--------+--------+--------+--------+-----+--------+

Top non-repeatable levels by time:
     D:4: 1178 daAuts
     D:5: 1094 daAuts
     D:8: 1060 daAuts
     D:7: 926 daAuts
     D:3: 896 daAuts
     D:1: 769 daAuts
     D:2: 672 daAuts
     D:9: 618 daAuts
     D:6: 556 daAuts
    D:10: 16 daAuts
